 Dungeon Crawl Stone Soup version 0.27-a0-1597-ge58577e147 (webtiles) character file.

Game seed: 12677802436382496073

86 MirrMurr the Thrower (level 4, -1/38 HPs)
             Began as a Gnoll Hunter on July 21, 2021.
             Slain by Jessica (2 damage)
             ... on level 2 of the Dungeon.
             The game lasted 00:02:48 (2585 turns).

MirrMurr the Thrower (Gnoll Hunter)                 Turns: 2585, Time: 00:02:49

Health: -1/38      AC:  6    Str: 12    XL:     4   Next: 50%
Magic:  5/5        EV: 11    Int: 11    God:
Gold:   81         SH:  0    Dex: 12    Spells: 5/5 levels left

rFire    . . .     SeeInvis .   a - +0 short sword
rCold    . . .     Faith    .   (no shield)
rNeg     . . .     Spirit   .   k - +0 ring mail
rPois    .         Reflect  .   g - +1 hat
rElec    .         Harm     .   (no cloak)
rCorr    .         Rampage  .   (no gloves)
Will     .....                  (no boots)
Stlth    +.........             (no amulet)
HPRegen  0.12/turn              (no ring)
MPRegen  0.09/turn              (no ring)

@: no status effects
A: fangs 1, strong nose, distributed training
a: no special abilities


You were on level 2 of the Dungeon.
You visited 1 branch of the dungeon, and saw 3 of its levels.

You collected 81 gold pieces.

Inventory:

Hand Weapons
 a - a +0 short sword (weapon)
 b - a +0 hunting sling
Missiles
 c - 6 javelins (quivered)
 d - 2 throwing nets
 i - 22 stones
Armour
 g - a +1 hat (worn)
 k - a +0 ring mail (worn)
Scrolls
 e - 2 scrolls of amnesia {unknown}
 h - 2 scrolls of identify {unknown}
 j - 2 scrolls of blinking {unknown}
 l - a scroll of acquirement {unknown}
Potions
 f - 3 potions of heal wounds {unknown}
 m - a potion of degeneration {unknown}


   Skills:
 + Level 4.6 Fighting
 + Level 1.1 Short Blades
 + Level 1.1 Long Blades
 + Level 1.1 Axes
 + Level 1.1 Maces & Flails
 + Level 1.1 Polearms
 + Level 1.1 Staves
 + Level 1.1 Slings
 + Level 1.1 Bows
 + Level 1.1 Crossbows
 + Level 8.5 Throwing
 + Level 1.1 Armour
 + Level 4.6 Dodging
 + Level 2.5 Stealth
 + Level 1.1 Shields
 + Level 1.1 Unarmed Combat
 + Level 1.1 Spellcasting
 + Level 0.9 Conjurations
 + Level 0.9 Hexes
 + Level 0.9 Summonings
 + Level 0.9 Necromancy
 + Level 0.9 Translocations
 + Level 0.9 Transmutations
 + Level 0.9 Fire Magic
 + Level 0.9 Ice Magic
 + Level 0.9 Air Magic
 + Level 0.9 Earth Magic
 + Level 0.9 Poison Magic
 + Level 1.2 Invocations
 + Level 1.1 Evocations


You had 5 spell levels left.
You didn't know any spells.
Your spell library was empty.

Dungeon Overview and Level Annotations

Branches:
Dungeon (3/15)

Altars:

Annotations:
D:2 Jessica


Innate Abilities, Weirdness & Mutations

You have very sharp teeth.
Your uncanny sense of smell can sniff out nearby items.
Your experience applies equally to all skills.


Message History

You closely miss the adder.
The adder is severely wounded.
The adder bites you but does no damage. The adder closely misses you.
You closely miss the adder.
The adder is severely wounded.
The adder bites you.
You are poisoned.
The adder poisons you!
You closely miss the adder.
The adder is severely wounded.
You feel sick.
Jessica casts a spell.
Jessica blinks!
The adder bites you but does no damage.
You hit the adder.
You kill the adder!
You feel sick. Jessica casts a spell at you. Pain shoots through your body!
You feel sick. Jessica hits you but does no damage.
Things that are here:
a +0 dagger; an adder corpse; a goblin corpse You hit Jessica.
Jessica is lightly wounded.
You feel sick.
You are no longer poisoned.
Jessica hits you with a +0 dagger.
* * * LOW HITPOINT WARNING * * *
Jessica gestures at you while chanting.
You barely resist. You hit Jessica.
Jessica is moderately wounded.
Jessica hits you with a +0 dagger.
* * * LOW HITPOINT WARNING * * *
You barely miss Jessica.
Jessica is moderately wounded.
Jessica casts a spell at you. Pain shoots through your body!
* * * LOW HITPOINT WARNING * * *
Jessica hits you with a +0 dagger.
You die...

....##.# #.###### #.# .......#
#......# #.# ## .......# #.####.#
#.# #. .......# #.# #.# #.# #.
.......#######.####.######.## #.
#...##.........#.......##...## #.
#...####.###.###.#####.#.#.#.###.
###.# #.###.# #.# #..##.##.###
#.# #.....# #@# #........# #.#
####..###@# #..##.##.# #.#
#......#####.....#..# #.#
####.##.#.>..........#.#
###.####............#####.###.###
...>................# #...#.##.
###.####.##......##.# #........
##...###.##......##.#####<.......
#.#.#.##.##......##...........##.


You could see Jessica (fast).

Vanquished Creatures
  4 adders (D:2)
  A worm (D:2)
  2 dart slugs
  5 bats
  3 endoplasms (D:2)
  3 giant cockroaches
  2 goblins (D:2)
  5 hobgoblins
  2 jackals (D:1)
  4 kobolds
  3 ball pythons
  5 frilled lizards
  5 rats
44 creatures vanquished.

Notes
Turn   | Place    | Note
-------+----------+-------------------------------------------
     0 | D:1      | MirrMurr the Gnoll Hunter began the quest for the Orb.
     0 | D:1      | Reached XP level 1. HP: 20/20 MP: 1/1
   470 | D:1      | Reached XP level 2. HP: 26/26 MP: 2/2
  1034 | D:1      | Reached XP level 3. HP: 27/31 MP: 3/3
  1553 | D:2      | Reached skill level 1 in Invocations
  1828 | D:2      | Reached skill level 1 in Short Blades
  1828 | D:2      | Reached skill level 1 in Long Blades
  1828 | D:2      | Reached skill level 1 in Axes
  1828 | D:2      | Reached skill level 1 in Maces & Flails
  1828 | D:2      | Reached skill level 1 in Polearms
  1828 | D:2      | Reached skill level 1 in Staves
  1828 | D:2      | Reached skill level 1 in Slings
  1828 | D:2      | Reached skill level 1 in Bows
  1828 | D:2      | Reached skill level 1 in Crossbows
  1828 | D:2      | Reached skill level 1 in Armour
  1828 | D:2      | Reached skill level 1 in Shields
  1828 | D:2      | Reached skill level 1 in Unarmed Combat
  1828 | D:2      | Reached skill level 1 in Spellcasting
  1828 | D:2      | Reached skill level 1 in Evocations
  1901 | D:2      | Reached XP level 4. HP: 37/38 MP: 5/5
  2495 | D:3      | Noticed a sky beast
  2559 | D:3      | Noticed Jessica
  2585 | D:2      | HP: 1/38 [Jessica/nerve-wracking pain (9)]
  2585 | D:2      | Slain by Jessica

Illustrated notes

Levels and vault maps discovered:
D:1:      wander_arrival_peaceful_grave, layout_loops_corners,
          wad_floor_pattern_1, nrook_uturn, grunt_decor_arrowhead
D:2:      layout_loops_ring, kennysheep_generic_room_7
D:3:      layout_rooms, hellmonk_ecumenical_altar_inner_sanctum,
          chequers_serial_rivers_micro_b, grunt_ministairs_11, uniq_sigmund,
          uniq_crazy_yiuf_cottage, uniq_robin, uniq_natasha, uniq_jessica

Skill      XL: |  1  2  3 |
---------------+----------+-----
Invocations    | 1 |  1.2
Short Blades   | 1 |  1.1
Long Blades    | 1 |  1.1
Axes           | 1 |  1.1
Maces & Flails | 1 |  1.1
Polearms       | 1 |  1.1
Staves         | 1 |  1.1
Slings         | 1 |  1.1
Bows           | 1 |  1.1
Crossbows      | 1 |  1.1
Armour         | 1 |  1.1
Shields        | 1 |  1.1
Unarmed Combat | 1 |  1.1
Spellcasting   | 1 |  1.1
Evocations     | 1 |  1.1
Fighting       | |  4.6
Throwing       | |  8.5
Dodging        | |  4.6
Stealth        | |  2.5
Conjurations   | |  0.9
Hexes          | |  0.9
Summonings     | |  0.9
Necromancy     | |  0.9
Translocations | |  0.9
Transmutations | |  0.9
Fire Magic     | |  0.9
Ice Magic      | |  0.9
Air Magic      | |  0.9
Earth Magic    | |  0.9
Poison Magic   | |  0.9

Action                   |  1- 3 |  4- 6 || total
-------------------------+-------+-------++-------
Melee: Short sword       |   123 |    51 ||   174
       Bite              |     3 |     3 ||     6
 Stab: Sleeping          |     4 |     1 ||     5
Armor: Leather armour    |    11 |       ||    11
       Ring mail         |    23 |    26 ||    49
Dodge: Dodged            |    84 |    35 ||   119

Table legend: (Time is in decaauts)
 A = Elapsed time spent in this place.
 B = Non-inter-level travel time spent in this place.
 C = Inter-level travel time spent in this place.
 D = Time resting spent in this place.
 E = Time spent auto-exploring this place.
 F = Levels seen in this place.
 G = Mean time per level.
                   A        B        C        D        E       F      G
               +--------+--------+--------+--------+--------+-----+--------+
         Total |   2598 |   2518 |     80 |      0 |   2133 |   3 |  866.0 |
       Dungeon |   2598 |   2518 |     80 |      0 |   2133 |   3 |  866.0 |
               +--------+--------+--------+--------+--------+-----+--------+

Top non-repeatable levels by time:
     D:1: 1365 daAuts
     D:2: 1193 daAuts
     D:3: 38 daAuts
